 Dungeon Sprint DCSS version 0.29.1-12-g30fa7ad0bf (webtiles) character file.

Game seed: 16451458714106214157

900000 Monkooky the Axe Maniac (level 12, -5/83 HPs)
             Began as a Palentonga Warper on Dec 13, 2022.
             Was a Follower of Makhleb.
             Slain by a meat berserker
             ... wielding a +9 battleaxe
              (88 damage)
             ... in the Dungeon (Sprint VIII: "Arena of Blood").
             The game lasted 00:00:36 (9 turns).

Monkooky the Axe Maniac (Palentonga Warper)            Turns: 9, Time: 00:00:36

Health: -5/83      AC: 11    Str: 18    XL:     12   Next: 45%
Magic:  3/24       EV:  9    Int: 14    God:    Makhleb [*.....]
Gold:   0          SH:  0    Dex: 13    Spells: 27/27 levels left

rFire   . . .      SeeInvis +   j - +∞ Axe of Woe
rCold   . . .      Faith    .   (shield currently unavailable)
rNeg    . . .      Spirit   .   b - +0 leather armour
rPois   .          Reflect  .   (no helmet)
rElec   .          Harm     .   (no cloak)
rCorr   .          Rampage  .   (no gloves)
Will    .....      NoTele   +   (no barding)
Stlth   +.........              (no amulet)
HPRegen 0.23/turn               (no ring)
MPRegen 0.19/turn               (no ring)

@: curled up
A: large, rugged brown scales 3, see invisible, deformed body, roll 1, armoured
tail, reflexive curl
a: Rolling Charge, Renounce Religion


You were in the Dungeon.
You worshipped Makhleb.
Makhleb was aware of your devotion.
You visited 1 branch

Inventory:

Hand Weapons
 a - a +0 hand axe
 j - the +∞ Axe of Woe (weapon)
   (You found it in the Dungeon)
Missiles
 d - 7 boomerangs of dispersal
Armour
 b - a +0 leather armour (worn)
Scrolls
 c - 2 scrolls of blinking
Potions
 e - a potion of curing
 f - a potion of heal wounds
 g - a potion of haste
 h - 2 potions of magic
 i - a potion of berserk rage


   Skills:
 - Level 2.0 Fighting
 O Level 27 Axes
 - Level 0.6 Throwing
 - Level 0.7 Armour
 - Level 1.5 Dodging
 + Level 8.4 Spellcasting
 + Level 14.3 Translocations


You had 27 spell levels left.
You didn't know any spells.
Your spell library contained the following spells:

 Spells                   Type           Power      Damage    Failure   Level
 Blink                    Tloc           92%        N/A       1%          2
 Gell's Gravitas          Tloc           46%        N/A       1%          3
 Lesser Beckoning         Tloc           46%        N/A       1%          3
 Teleport Other           Tloc           46%        N/A       1%          3
 Manifold Assault         Tloc           46%        N/A       1%          5


Dungeon Overview and Level Annotations

Branches:
Dungeon (1/1)

Altars:
Makhleb


Innate Abilities, Weirdness & Mutations

You are completely covered in rugged brown scales. (AC +3, +7% HP)
You have supernaturally acute eyesight. (SInv)
Armour fits poorly on your strangely shaped body.
You can roll at nearby foes to attack.
You have a long armoured tail.
You curl defensively after being hit. (AC +7*)


Message History

You have mastered Axes!
You need to enable at least one skill for training.
Your Spellcasting skill gained 6 levels and is now at level 8!
Your Translocations skill gained 11 levels and is now at level 14!
You have reached level 2!
You have reached level 3!
Your experience leads to an increase in your attributes!
Increase (S)trength, (I)ntelligence, or (D)exterity?
You feel agile. x2
You have reached level 4!
You feel stronger.
You have reached level 5!
You have reached level 6!
You have reached level 7!
You now curl defensively after being hit.
You have reached level 8!
You feel clever.
You have reached level 9!
Your experience leads to an increase in your attributes!
Increase (S)trength, (I)ntelligence, or (D)exterity?
You feel agile. x2
You have reached level 10!
You have reached level 11!
You have reached level 12!
You feel stronger.
This spell is dangerous to cast!
Memorise Manifold Assault, consuming 5 spell levels and leaving 22?
You hear a shout! x8
The meat berserker rages.
You hear a shout!
You start memorising the spell.
You continue memorising.
The bag of meat shouts!
You hear a shout! x7; You hear two shouts!
You continue memorising.
You hear a shout!
The meat berserker rages.
You hear a shout! x4
The meat berserker hits you with a +9 battleaxe!!!!
Your memorisation is interrupted.
Ouch! That really hurt!
You die...

. #... ..#
......###... ..###.
...........###......
...#........_......
.#.......#..o..#
.........#_.<._#
#.......#.....#
...#..).o°.._......
......)@O..###......
......###.......###.
.OO.. #.......# ....
#.......# ...
.....o... #. .......
. .


You could see 3 meat berserkers and 3 bags of meat.

Vanquished Creatures
  An ogre (D)
  An orc (D)
2 creatures vanquished.

Notes
Turn   | Place    | Note
-------+----------+-------------------------------------------
     0 | D        | Found the +∞ Axe of Woe
     0 | D        | Monkooky the Palentonga Warper began the quest for the Orb.
     0 | D        | Reached XP level 1. HP: 17/17 MP: 3/3
     4 | D        | Became a worshipper of Makhleb the Destroyer
     5 | D        | Noticed a bag of meat
     5 | D        | Noticed a meat berserker
     5 | D        | Noticed a meat berserker
     6 | D        | Noticed a bag of meat
     6 | D        | Killed a bag of meat
     6 | D        | Killed a meat berserker
     6 | D        | Reached * piety under Makhleb
     7 | D        | Reached skill level 27 in Axes
     7 | D        | Reached XP level 2. HP: 23/23 MP: 3/11
     7 | D        | Reached XP level 3. HP: 28/28 MP: 3/12
     7 | D        | Reached XP level 4. HP: 35/35 MP: 3/14
     7 | D        | Reached XP level 5. HP: 40/40 MP: 3/15
     7 | D        | Reached XP level 6. HP: 47/47 MP: 3/17
     7 | D        | Gained mutation: You curl defensively after being hit. (AC
                  | +7*) [Palentonga growth]
     7 | D        | Reached XP level 7. HP: 53/53 MP: 3/18
     7 | D        | Reached XP level 8. HP: 59/59 MP: 3/20
     7 | D        | Reached XP level 9. HP: 65/65 MP: 3/21
     7 | D        | Reached XP level 10. HP: 71/71 MP: 3/22
     7 | D        | Reached XP level 11. HP: 77/77 MP: 3/23
     7 | D        | Reached XP level 12. HP: 83/83 MP: 3/24
     7 | D        | Noticed a bag of meat
     8 | D        | Noticed a meat berserker
     8 | D        | Noticed a meat berserker
     8 | D        | Noticed a bag of meat
     9 | D        | Slain by a meat berserker

Illustrated notes

Levels and vault maps discovered:
D:        meatsprint

Skill      XL: |  1 |
---------------+----+-----
Axes           | 27 | 27.0
Spellcasting   | 8 |  8.4
Translocations | 14 | 14.3
Fighting       | |  2.0
Throwing       | |  0.6
Armour         | |  0.7
Dodging        | |  1.5

Action                   |  1- 3 |  4- 6 |  7- 9 | 10-12 || total
-------------------------+-------+-------+-------+-------++-------
Melee: Executioner's axe |     1 |       |       |       ||     1
 Abil: Rolling Charge    |     1 |       |       |       ||     1
